 Dungeon Crawl Stone Soup version 0.26-a0-393-g67388ea (webtiles) character file.

Game seed: 377777738146011303

197 Crimsoncloak the Conjurer (level 5, 0/31 HPs)
             Began as an Octopode Conjurer on July 22, 2020.
             Slain by Crazy Yiuf
             ... wielding a +3 quarterstaff of chaos
              (6 damage)
             ... on level 3 of the Dungeon.
             The game lasted 00:06:24 (3715 turns).

Crimsoncloak the Conjurer (Octopode Conjurer)       Turns: 3715, Time: 00:06:25

Health: 0/31       AC:  1    Str:  7    XL:     5   Next: 75%
Magic:  2/9        EV: 14    Int: 21    God:
Gold:   133        SH:  0    Dex: 10    Spells: 9/10 levels left

rFire    . . .     SeeInvis .   m - +0 rapier
rCold    . . .     Faith    .   (no shield)
rNeg     . . .     Spirit   .   (helmet restricted)
rPois    .         Reflect  .   (no amulet)
rElec    .         Harm     .   (no ring)
rCorr    .                      (no ring)
MR       .....                  (no ring)
Stlth    ++++......             (no ring)
HPRegen  0.10/turn              (no ring)
MPRegen  0.11/turn              (no ring)
                                (no ring)
                                (no ring)

@: no status effects
A: almost no armour, stealthy swim, amphibious, 8 rings, constrict 8, camouflage
1, gelatinous body 1
a: no special abilities


You were on level 3 of the Dungeon.
You visited 1 branch of the dungeon, and saw 4 of its levels.

You collected 133 gold pieces.

Inventory:

Hand Weapons
 m - a +0 rapier (weapon)
Missiles
 b - 197 stones
 h - 26 poisoned darts (quivered)
Scrolls
 c - 3 scrolls of identify {unknown}
 d - a scroll of blinking {unknown}
 e - 3 scrolls of remove curse {unknown}
 f - 5 scrolls of teleportation {unknown}
 l - a scroll of immolation {unknown}
Potions
 a - a potion of flight {unknown}
 g - a potion of curing {unknown}
 i - 3 potions of heal wounds {unknown}
 k - a potion of lignification {unknown}


   Skills:
 + Level 3.2 Dodging
 + Level 4.7 Stealth
 + Level 3.1 Spellcasting
 + Level 4.8 Conjurations


You had 9 spell levels left.
You knew the following spells:

 Your Spells              Type           Power        Failure   Level
a - Magic Dart            Conj           ###.         1%          1

Your spell library contained the following spells:

 Spells                   Type           Power        Failure   Level
 Searing Ray              Conj           ###...       2%          2
 Dazzling Flash           Conj/Hex       ##....       14%         3
 Fulminant Prism          Conj/Hex       ##........   43%         4
 Iskenderun's Mystic Bla  Conj/Tloc      ##......     43%         4


Dungeon Overview and Level Annotations

Branches:
Dungeon (4/15)
 Temple: D:4-7

Altars:
Qazlal
Wu Jian

Annotations:
D:3 Crazy Yiuf


Innate Abilities, Weirdness & Mutations

You cannot wear most types of armour.
You are very stealthy in the water. (Stealth+)
You are amphibious.
You can wear up to eight rings at the same time.
You can use your tentacles to constrict eight enemies at once.
Your skin changes colour to match your surroundings (Stealth+).
Your rubbery body absorbs attacks. (AC +1, EV +1)


Message History

Casting: Magic Dart (safe; 1% risk of failure)
Confirm with . or Enter, or press ? or * to list all spells.
Aiming: Magic Dart (safe; 1% risk of failure)
Press: ? - help, Shift-Dir - straight line, f/p - Crazy Yiuf
Aim: Crazy Yiuf, wielding a +3 quarterstaff of chaos and wearing a +0 cloak (almost dead)
The magic dart hits Crazy Yiuf.
Crazy Yiuf is almost dead.
Crazy Yiuf hits you with a +3 quarterstaff of chaos!
Crazy Yiuf freezes you.
* * * LOW HITPOINT WARNING * * *
Casting: Magic Dart (safe; 1% risk of failure)
Confirm with . or Enter, or press ? or * to list all spells.
Aiming: Magic Dart (safe; 1% risk of failure)
Press: ? - help, Shift-Dir - straight line, f/p - Crazy Yiuf
Aim: Crazy Yiuf, wielding a +3 quarterstaff of chaos and wearing a +0 cloak (almost dead)
The magic dart hits Crazy Yiuf but does no damage.
Crazy Yiuf is almost dead.
Crazy Yiuf waves his quarterstaff at you.
Crazy Yiuf hits you with a +3 quarterstaff of chaos.
You die...

#.# #.#.# #.#
#.#.# #.# #.#.#
#.# ##### #####.#
###.....#
.>.)..#.#### ###
#####.#..#.##
###..)#
#.......####@g...#
#........#..##...#
#.##.#..#.### ###
#####.#########
........#
##.##...# ###
##.##.### #.#
#...#.# #(#
......# #.#


You could see Crazy Yiuf.

Vanquished Creatures
  2 hounds (D:3)
  2 gnolls
  5 adders
  5 worms
  3 dart slugs
  5 leopard geckos
  4 giant cockroaches
  2 goblins
  2 hobgoblins
  2 quokkas (D:3)
  3 ball pythons
  7 bats
  4 frilled lizards
  8 kobolds
  A rat (D:2)
55 creatures vanquished.

Notes
Turn   | Place    | Note
-------+----------+-------------------------------------------
     0 | D:1      | Crimsoncloak the Octopode Conjurer began the quest for the
                  | Orb.
     0 | D:1      | Reached XP level 1. HP: 11/11 MP: 3/3
   242 | D:1      | Reached XP level 2. HP: 17/17 MP: 3/5
   674 | D:1      | Reached XP level 3. HP: 21/21 MP: 6/6
  1005 | D:2      | Found a stormy altar of Qazlal.
  1403 | D:2      | Reached XP level 4. HP: 27/27 MP: 2/7
  2153 | D:3      | Found a runed translucent door.
  2154 | D:3      | Noticed Crazy Yiuf
  2285 | D:3      | Found an ornate altar of the Wu Jian Council.
  2790 | D:3      | Reached XP level 5. HP: 31/31 MP: 4/9
  2875 | D:3      | You fall into a shaft and drop 1 floor!
  3715 | D:3      | Slain by Crazy Yiuf

Illustrated notes

Levels and vault maps discovered:
D:1:      dpeg_arrival_simpleton_b, layout_rooms
D:2:      layout_basic, grunt_qazlal_sundering
D:3:      layout_loops_ring, old_standard_altar, cheibrodos_gnoll_hut,
          uniq_crazy_yiuf_cottage
D:4:      layout_gridville, lemuel_round_altar, uniq_menkaure, uniq_ijyb

Skill      XL: |  1  2  3  4  5 |
---------------+----------------+-----
Stealth        | 3 4 |  4.7
Dodging        | 3 |  3.2
Spellcasting   | 3 |  3.1
Conjurations   | |  4.8

Action                   |  1- 3 |  4- 6 || total
-------------------------+-------+-------++-------
Melee: Dagger            |    18 |       ||    18
       Constrict         |     4 |     2 ||     6
       Tentacles         |     2 |     2 ||     4
       War axe           |     1 |    10 ||    11
       Rapier            |       |     3 ||     3
Throw: Dart              |       |     3 ||     3
 Cast: Magic Dart        |    63 |    74 ||   137
 Stab: Sleeping          |     1 |       ||     1
Armor: Skin              |     5 |     1 ||     6
Dodge: Dodged            |    14 |    26 ||    40

Table legend: (Time is in decaauts)
 A = Elapsed time spent in this place.
 B = Non-inter-level travel time spent in this place.
 C = Inter-level travel time spent in this place.
 D = Time resting spent in this place.
 E = Time spent auto-exploring this place.
 F = Levels seen in this place.
 G = Mean time per level.
                   A        B        C        D        E       F      G
               +--------+--------+--------+--------+--------+-----+--------+
         Total |   3719 |   3699 |     20 |   1021 |   2103 |   4 |  929.8 |
       Dungeon |   3719 |   3699 |     20 |   1021 |   2103 |   4 |  929.8 |
               +--------+--------+--------+--------+--------+-----+--------+

Top non-repeatable levels by time:
     D:3: 1575 daAuts
     D:2: 1037 daAuts
     D:1: 785 daAuts
     D:4: 320 daAuts
